 Dungeon Crawl Stone Soup version 0.21.1-1-g345015f (webtiles) character file.

21636 kae the Martial Artist (level 12, -2/111 HPs)
             Began as a Demonspawn Transmuter on June 12, 2018.
             Was a Priest of Makhleb.
             Slain by a four-headed hydra (7 damage)
             ... on level 6 of the Lair of Beasts.
             The game lasted 00:18:10 (19673 turns).

kae the Martial Artist (Demonspawn Transmuter)     Turns: 19673, Time: 00:18:10

Health: -2/111     AC:  6    Str: 10    XL:     12   Next: 55%
Magic:  23/23      EV: 21    Int: 16    God:    Makhleb [***...]
Gold:   719        SH:  0    Dex: 23    Spells: 11/26 levels left

rFire    . . .     SeeInvis .     - Unarmed
rCold    + + +     Gourm    .   (shield currently unavailable)
rNeg     . . .     Faith    .   (armour currently unavailable)
rPois    +         Spirit   .   (helmet currently unavailable)
rElec    .         Reflect  .   (cloak currently unavailable)
rCorr    .         Harm     .   (gloves currently unavailable)
MR       .....                  (boots currently unavailable)
Stlth    +++.......             (no amulet)
HPRegen  0.28/turn              x - ring of loudness (curse)
MPRegen  0.18/turn              y - ring of protection from fire (curse)

@: agile, ice-form, very slightly contaminated
A: large, nightstalker 1, powered by pain 2
a: End Transformation, Minor Destruction, Lesser Servant of Makhleb, Renounce
Religion


You were on level 6 of the Lair of Beasts.
You worshipped Makhleb.
Makhleb was most pleased with you.
You were not hungry.
You were a creature of crystalline ice.
You visited 3 branches of the dungeon, and saw 16 of its levels.

You collected 817 gold pieces.
You spent 98 gold pieces at shops.

Inventory:

Missiles
 a - 184 arrows
Armour
 b - a +0 robe (melded)
 g - a +2 helmet (melded)
 z - a +2 cloak of poison resistance (melded)
Jewellery
 k - an uncursed ring of fire
 x - a cursed ring of loudness (left front paw)
 y - a cursed ring of protection from fire (right front paw)
 D - a +5 ring of protection {unknown}
 J - an uncursed ring of protection from magic {unknown}
 N - an uncursed amulet of harm {unknown}
Wands
 i - a wand of random effects (56)
 m - a wand of acid (14)
 w - a wand of iceblast (19)
 E - a wand of disintegration (8)
 H - a wand of enslavement (12)
 M - a wand of flame (16)
Scrolls
 e - 3 scrolls of blinking
 n - 4 scrolls of fear
 q - 2 scrolls of teleportation
 r - 5 scrolls of remove curse
 s - 3 scrolls of fog
 u - 4 scrolls of enchant weapon
 v - 6 scrolls of identify
 G - 2 scrolls of magic mapping
Potions
 f - 2 potions of cancellation
 h - 3 potions of flight
 j - 8 potions of curing
 l - 4 potions of agility
 o - 2 potions of magic
 p - a potion of resistance {unknown}
 t - 3 potions of degeneration {unknown}
 A - 5 potions of might {unknown}
 C - 2 potions of brilliance {unknown}
 F - a potion of heal wounds
Books
 c - a book of Changes

   Spells                             Type                      Level
   a - Beastly Appendage              Transmutation                1
   b - Sticks to Snakes               Transmutation                2
   c - Spider Form                    Transmutation/Poison         3
   d - Ice Form                       Ice/Transmutation            4
   e - Blade Hands                    Transmutation                5
 B - a book of Transfigurations

   Spells                             Type                      Level
   a - Irradiate                      Conjuration/Transmutation    5
   b - Statue Form                    Transmutation/Earth          6
   c - Hydra Form                     Transmutation                6
   d - Dragon Form                    Transmutation                7
 K - a book of Maledictions

   Spells                             Type                      Level
   a - Corona                         Hexes                        1
   b - Ensorcelled Hibernation        Hexes/Ice                    2
   c - Confuse                        Hexes                        3
   d - Tukima's Dance                 Hexes                        3
   e - Dazzling Spray                 Conjuration/Hexes            3
Comestibles
 d - 29 rations


   Skills:
 + Level 8.2 Fighting
 + Level 7.6 Dodging
 * Level 11.0 Unarmed Combat
 + Level 7.7 Spellcasting
 + Level 7.7 Transmutations
 + Level 4.6 Ice Magic
 + Level 6.7 Invocations


You had 11 spell levels left.
You knew the following spells:

 Your Spells              Type           Power        Failure   Level  Hunger
a - Beastly Appendage     Tmut           ####..       1%          1    None
b - Sticks to Snakes      Tmut           ####....     1%          2    None
c - Spider Form           Tmut/Pois      ###.......   7%          3    ##.....
d - Blade Hands           Tmut           ####......   13%         5    #####..
e - Ice Form              Ice/Tmut       ####....     9%          4    ####...


Dungeon Overview and Level Annotations

Branches:
Dungeon (9/15)             Temple (1/1) D:7            Lair (6/6) D:8
  Swamp (0/4) Lair:2        Snake (0/4) Lair:2        Slime (0/5) Lair:6
    Orc: D:9-12

Altars:
Cheibriados
Dithmenos
Fedhas
Gozag
Hepliaklqana
Kikubaaqudgha
Makhleb
Nemelex Xobeh
Okawaru
Qazlal
Ru
Sif Muna
Trog
Uskayaw
Vehumet
Wu Jian
Xom
Yredelemnul
Zin
The Shining One
Jiyva

Shops:
D:4 ?   D:7 (

Annotations:
D:3 kae's ghost, amateur CeHu
Lair:3 Shutra's ghost, journeyman DsCK
Lair:5 dvd's ghost, journeyman MiFi


Innate Abilities, Weirdness & Mutations

((You are partially covered in yellow scales. (AC +2)))
You are slightly more attuned to the shadows.
You sometimes gain power by taking damage.


Message History

The blast of calcifying dust hits the four-headed hydra.
The blast of calcifying dust hits you!
* * * LOW HITPOINT WARNING * * *
Your ball python barely misses the four-headed hydra.
Your ball python completely misses the four-headed hydra.
You climb downwards.
Your summoned allies are left behind.
There is a stone staircase leading up here.
Unknown command.
You punch the four-headed hydra!
The four-headed hydra seems to slow down.
You freeze the four-headed hydra.
The four-headed hydra is severely wounded.
The four-headed hydra bites you.
* * * LOW HITPOINT WARNING * * *
The four-headed hydra bites you!
* * * LOW HITPOINT WARNING * * *
The four-headed hydra bites you!
* * * LOW HITPOINT WARNING * * *
The four-headed hydra bites you!
You die...

### #..###
##.....# ##
###P.>..##
.#.###.P.._...#
........<...<..
...............
...............
......Y........
.....D.........
...............
..######.#..###
## #.### ##


You could see a four-headed hydra.

Vanquished Creatures
  A hydra (Lair:4)
  A two-headed ogre (D:8)
  A death yak (Lair:5)
  4 black mambas
  4 elephants (Lair:3)
  7 spiny frogs
  4 komodo dragons
  A polar bear (Lair:4)
  A tyrant leech (Lair:2)
  5 blink frogs (Lair:5)
  10 hippogriffs
  4 wyverns
  A human (D:8)
  A basilisk (Lair:2)
  20 yaks
  Eustachio (D:6)
  A swamp worm (Lair:2)
  2 nagas (Lair:2)
  6 water moccasins
  7 porcupines
  2 orc warriors
  2 sky beasts
  A black bear (Lair:3)
  2 ice beasts
  A necrophage (D:9)
  A phantom (D:9)
  5 centaurs
  4 ogres
  9 wolves
  6 crocodiles
  7 bullfrogs
  5 scorpions
  5 killer bees (D:9)
  4 howler monkeys
  An electric eel (D:9)
  5 crimson imps
  3 jellies
  3 hounds
  3 orc priests
  Crazy Yiuf (D:2)
  A bullfrog skeleton (D:5)
  6 orc wizards
  3 centaur skeletons
  An iguana (D:7)
  10 worker ants
  2 hound zombies (D:9)
  A worker ant zombie (D:9)
  4 adders
  2 shadow imps
  An ooze (D:2)
  2 adder skeletons
  3 worms
  5 dart slugs
  6 leopard geckos
  27 orcs
  3 giant cockroaches
  8 goblins
  5 hobgoblins
  12 jackals
  3 quokkas
  3 ball pythons
  7 bats
  4 frilled lizards
  A jackal zombie (D:5)
  6 kobolds
  A quokka skeleton (D:5)
  A quokka zombie (D:9)
  10 rats
  A fungus (Lair:5)
291 creatures vanquished.

Vanquished Creatures (collateral kills)
  A death yak (Lair:5)
  An adder (D:2)
  A hobgoblin (D:2)
3 creatures vanquished.

Vanquished Creatures (others)
  11 fungi
  9 plants
20 creatures vanquished.

Grand Total: 314 creatures vanquished

Notes
Turn   | Place    | Note
-------+----------+-------------------------------------------
     0 | D:1      | kae the Demonspawn Transmuter began the quest for the Orb.
     0 | D:1      | Reached XP level 1. HP: 15/15 MP: 3/3
   247 | D:1      | Gained mutation: You are partially covered in yellow scales. (AC +2) [demonic ancestry]
   247 | D:1      | Reached XP level 2. HP: 21/21 MP: 3/5
   278 | D:1      | Reached skill level 3 in Unarmed Combat
   651 | D:1      | Reached XP level 3. HP: 26/26 MP: 6/6
   922 | D:2      | Found a runed door.
  1170 | D:2      | Learned a level 2 spell: Sticks to Snakes
  1178 | D:2      | Learned a level 3 spell: Spider Form
  1311 | D:2      | Reached XP level 4. HP: 31/33 MP: 5/7
  1578 | D:2      | Found a radiant altar of Vehumet.
  1754 | D:2      | Noticed Crazy Yiuf
  1760 | D:2      | Killed Crazy Yiuf
  1760 | D:2      | Gained mutation: You are slightly more attuned to the shadows. [demonic ancestry]
  1760 | D:2      | Reached XP level 5. HP: 25/38 MP: 1/8
  1797 | D:2      | HP: 1/38 [poisoned by Crazy Yiuf]
  2373 | D:3      | Noticed kae's ghost (amateur CeHu)
  2869 | D:3      | Reached skill level 4 in Unarmed Combat
  3591 | D:4      | Reached XP level 6. HP: 46/46 MP: 6/10
  4039 | D:4      | Found Nounesk's Magic Scroll Shop.
  4047 | D:4      | Bought a scroll of identify for 28 gold pieces
  4047 | D:4      | Bought a scroll of identify for 28 gold pieces
  4047 | D:4      | Bought a scroll of teleportation for 42 gold pieces
  4944 | D:5      | Entered Level 5 of the Dungeon
  4970 | D:5      | Gained mutation: You sometimes gain a little power by taking damage. [demonic ancestry]
  4970 | D:5      | Reached XP level 7. HP: 45/52 MP: 10/12
  5194 | D:5      | Found an opulent altar of Gozag.
  5462 | D:5      | Reached skill level 5 in Unarmed Combat
  5552 | D:5      | Found a basalt altar of Yredelemnul.
  5972 | D:6      | Noticed Eustachio
  6005 | D:6      | Killed Eustachio
  6005 | D:6      | Reached XP level 8. HP: 43/60 MP: 3/13
  6820 | D:7      | Reached skill level 6 in Unarmed Combat
  6836 | D:7      | Found Yheupp's Antique Weapon Boutique.
  6845 | D:7      | Noticed a hippogriff
  6858 | D:7      | Killed a hippogriff
  7109 | D:7      | Found a stormy altar of Qazlal.
  7148 | D:7      | Noticed a cyclops
  7269 | D:7      | Noticed an air elemental
  7711 | D:7      | Found a staircase to the Ecumenical Temple.
  7717 | Temple   | Entered the Ecumenical Temple
  7734 | Temple   | Became a worshipper of Makhleb the Destroyer
  8437 | D:8      | Gained mutation: You sometimes gain power by taking damage. [demonic ancestry]
  8437 | D:8      | Reached XP level 9. HP: 42/66 MP: 16/16
  8565 | D:8      | Learned a level 5 spell: Blade Hands
  8570 | D:8      | Learned a level 4 spell: Ice Form
  8586 | D:8      | Reached skill level 7 in Unarmed Combat
  8587 | D:8      | Noticed a two-headed ogre
  8859 | D:8      | Reached skill level 5 in Fighting
  8869 | D:8      | Reached skill level 5 in Spellcasting
  8906 | D:8      | Reached skill level 5 in Transmutations
  8970 | D:8      | Reached skill level 5 in Dodging
  9608 | D:8      | Killed a two-headed ogre
  9608 | D:8      | Reached skill level 8 in Unarmed Combat
  9725 | D:8      | Found a staircase to the Lair.
  9917 | D:9      | Reached XP level 10. HP: 76/76 MP: 14/18
  9943 | D:9      | Reached * piety under Makhleb
 11318 | D:9      | Reached skill level 1 in Invocations
 11663 | D:9      | Found an ornate altar of the Wu Jian Council.
 11702 | D:9      | Reached skill level 1 in Ice Magic
 11708 | D:9      | Reached ** piety under Makhleb
 11708 | D:9      | Reached skill level 9 in Unarmed Combat
 12117 | Lair:1   | Entered Level 1 of the Lair of Beasts
 12304 | Lair:1   | Noticed a black mamba
 12315 | Lair:1   | Killed a black mamba
 12700 | Lair:1   | Noticed a spiny frog
 12717 | Lair:1   | Killed a spiny frog
 12999 | Lair:1   | Reached XP level 11. HP: 76/83 MP: 17/20
 14558 | Lair:2   | Found a staircase to the Snake Pit.
 14938 | Lair:2   | Reached skill level 10 in Unarmed Combat
 15190 | Lair:2   | Found an iron altar of Okawaru.
 15723 | Lair:2   | Found a staircase to the Swamp.
 16076 | Lair:3   | Reached skill level 5 in Invocations
 16588 | Lair:3   | Reached XP level 12. HP: 54/92 MP: 19/22
 16831 | Lair:3   | Noticed a five-headed hydra
 17163 | Lair:3   | Noticed Shutra's ghost (journeyman DsCK)
 17329 | Lair:4   | Reached *** piety under Makhleb
 17478 | Lair:4   | Noticed a five-headed hydra
 17486 | Lair:4   | Killed a five-headed hydra
 18537 | Lair:5   | Noticed a seven-headed hydra
 18780 | Lair:5   | Noticed a death yak
 18782 | Lair:5   | Noticed a death yak
 18807 | Lair:5   | Killed a death yak
 19000 | Lair:5   | Noticed a death yak
 19017 | Lair:5   | Reached skill level 11 in Unarmed Combat
 19326 | Lair:5   | Noticed a death yak
 19327 | Lair:5   | Noticed a death yak
 19336 | Lair:5   | Noticed a death yak
 19336 | Lair:5   | Noticed a death yak
 19337 | Lair:5   | Noticed a death yak
 19339 | Lair:5   | Noticed a death yak
 19350 | Lair:5   | Killed a death yak
 19573 | Lair:5   | Noticed dvd's ghost (journeyman MiFi)
 19615 | Lair:6   | Entered Level 6 of the Lair of Beasts
 19615 | Lair:6   | Found a viscous altar of Jiyva.
 19615 | Lair:6   | Found a staircase to the Slime Pits.
 19663 | Lair:5   | Noticed a four-headed hydra
 19667 | Lair:5   | Noticed a catoblepas
 19673 | Lair:6   | HP: 5/111 [four-headed hydra (11)]
 19673 | Lair:6   | Slain by a four-headed hydra

Skill      XL: |  1  2  3  4  5  6  7  8  9 10 11 12 |
---------------+-------------------------------------+-----
Unarmed Combat | 3 4 5 6 8 9 10 11 | 11.0
Transmutations | 2 3 4 5 6 7 |  7.7
Dodging        | 2 3 4 5 6 7 |  7.6
Fighting       | 2 3 4 5 6 7 8 |  8.2
Spellcasting   | 3 4 5 6 7 |  7.7
Invocations    | 3 5 6 |  6.7
Ice Magic      | 2 3 4 |  4.6

Action                   |  1- 3 |  4- 6 |  7- 9 | 10-12 || total
-------------------------+-------+-------+-------+-------++-------
Melee: Unarmed           |   139 |   222 |   327 |   546 ||  1234
       Kick              |    17 |    17 |     8 |       ||    42
       Punch             |     3 |     3 |     3 |    11 ||    20
 Cast: Beastly Appendage |    16 |    14 |     3 |       ||    33
       Sticks to Snakes  |     1 |     1 |     2 |     7 ||    11
       Spider Form       |       |    10 |    33 |    28 ||    71
       Blade Hands       |       |       |       |    30 ||    30
       Ice Form          |       |       |       |     9 ||     9
  Use: Scroll            |     2 |    11 |     4 |     8 ||    25
       Potion            |       |       |       |     1 ||     1
 Stab: Sleeping          |     2 |     5 |     2 |     5 ||    14
  Eat: Chunk             |     2 |    12 |    16 |    35 ||    65
       Ration            |       |       |     1 |     3 ||     4
Armor: Robe              |    45 |    78 |    37 |    71 ||   231
       Skin              |       |     3 |     7 |    16 ||    26
Dodge: Dodged            |    81 |   172 |   263 |   457 ||   973
